 Dungeon Crawl Stone Soup version 0.29-a0-559-g359e09b9d1 (webtiles) character file.

Game seed: 11953714098267742363

259 dohliylev the Ruffian (level 5, -2/50 HPs)
             Began as a Troll Warper on June 10, 2022.
             Slain by a gnoll
             ... wielding a +0 whip
              (6 damage)
             ... on level 5 of the Dungeon.
             The game lasted 00:05:22 (3215 turns).

dohliylev the Ruffian (Troll Warper)                Turns: 3215, Time: 00:05:23

Health: -2/50      AC:  4    Str: 21    XL:     5   Next: 95%
Magic:  1/6        EV: 10    Int:  9    God:
Gold:   285        SH:  0    Dex:  9    Spells: 4/6 levels left

rFire   . . .      SeeInvis .     - Unarmed
rCold   . . .      Faith    .   (no shield)
rNeg    . . .      Spirit   .   a - +0 robe
rPois   .          Reflect  .   (helmet restricted)
rElec   .          Harm     .   (no cloak)
rCorr   .          Rampage  .   (gloves unavailable)
Will    .....                   (boots unavailable)
Stlth   +.........              (no amulet)
HPRegen 0.96/turn               (no ring)
MPRegen 0.10/turn               (no ring)

@: very slightly contaminated
A: large, unfitting armour, claws 3, regeneration 1, shaggy fur 1, tough skin 1
a: no special abilities


You were on level 5 of the Dungeon.
You visited 1 branch of the dungeon, and saw 5 of its levels.

You collected 285 gold pieces.

Inventory:

Missiles
 c - 7 boomerangs of dispersal (quivered)
Armour
 a - a +0 robe (worn)
Wands
 q - a wand of flame (20)
 y - a wand of iceblast (11)
Scrolls
 b - a scroll of blinking
 d - 3 scrolls of vulnerability
 g - a scroll of magic mapping {unknown}
 i - 6 scrolls of identify
 j - a scroll of silence {unknown}
 l - a scroll of brand weapon {unknown}
 m - 2 scrolls of enchant weapon {unknown}
 p - 4 scrolls of fear {unknown}
 s - 2 scrolls of poison {unknown}
 w - a scroll of noise {unknown}
 x - a scroll of teleportation {unknown}
 z - a scroll of fog {unknown}
Potions
 e - a potion of attraction {unknown}
 f - a potion of might {unknown}
 h - 2 potions of heal wounds {unknown}
 k - 4 potions of curing {unknown}
 n - a potion of mutation {unknown}
 o - 3 potions of degeneration {unknown}
 r - 4 potions of flight {unknown}
 t - a potion of resistance {unknown}
 u - 2 potions of brilliance {unknown}
 v - a potion of lignification {unknown}


   Skills:
 + Level 2.3 Fighting
 + Level 0.8 Throwing
 + Level 3.5 Dodging
 - Level 4.0 Unarmed Combat
 + Level 1.4 Spellcasting
 + Level 2.6 Translocations


You had 4 spell levels left.
You knew the following spells:

 Your Spells              Type           Power      Damage    Failure   Level
a - Blink                 Tloc           10%        N/A       19%         2

Your spell library contained the following spells:

 Spells                   Type           Power      Damage    Failure   Level
 Gell's Gravitas          Tloc           5%         N/A       36%         3
 Lesser Beckoning         Tloc           5%         N/A       36%         3
 Teleport Other           Tloc           5%         N/A       36%         3
 Sublimation of Blood     Necr           0%         N/A       47%         2
 Manifold Assault         Tloc           5%         N/A       98%         5


Dungeon Overview and Level Annotations

Branches:
Dungeon (5/15)
 Temple: D:4-7

Altars:


Innate Abilities, Weirdness & Mutations

You are too large for most types of armour.
You have claws for hands.
Your natural rate of healing is unusually fast.
You are covered in fur. (AC +1)
You have tough skin. (AC +1)


Message History

You see here 10 gold pieces.
Found a short sword.
The jelly attacks as you move away! The jelly hits you.
You are splashed with acid!
The jelly attacks as you move away! The jelly hits you.
You are splashed with acid!
The jelly attacks as you move away! The jelly hits you.
You are splashed with acid!
Casting: Blink (safe; 19% risk of failure)
Confirm with . or Enter, or press ? or * to list all spells.
You blink.
You start resting.
A jelly is nearby!
Okay, then.
As you read the scroll labelled XUXAICK ACIUGG, it crumbles to dust.
It is a scroll of identify.
d - 3 scrolls of vulnerability You feel stable enough to blink again.
You claw the jelly!
Your claws burn!
The jelly is heavily wounded.
The jelly hits you.
You are splashed with acid!
* * * LOW HITPOINT WARNING * * *
Casting: Blink (safe; 19% risk of failure)
Confirm with . or Enter, or press ? or * to list all spells.
You miscast Blink.
You are very lightly contaminated with residual magic.
Nothing appears to happen.
You are no longer corroded.
The jelly hits you but does no damage.
Casting: Blink (safe; 19% risk of failure)
Confirm with . or Enter, or press ? or * to list all spells.
You miscast Blink.
Nothing appears to happen.
The jelly barely misses you. The ogre barely misses you.
You claw the jelly!
You kill the jelly!
The ogre hits you with a +0 giant club!
* * * LOW HITPOINT WARNING * * *
You closely miss the gnoll. The gnoll hits you but does no damage.
The gnoll hits you with a +0 whip.
You die...

#.#######.# #.#.....#.#
####.#.###.#.########
.>.............O....#
#.##.#.#...#.######.#######
#.....................$....
#.#........#.######.#######
#.#....#.#.#.######.##
#.#....#.#.#.#.g@.#..#
#.#....#.# #.#.##O##.#
#.#...... #.#.##g##.# #.#
.### #.#....##.##
#gJ####..# #..# ##.## #O.#
#..# #..# ##.# #..# #.##


You could see an ogre and 2 gnolls.

Vanquished Creatures
  A jelly (D:5)
  An orc priest (D:4)
  Jessica (D:2)
  2 iguanas (D:4)
  2 adders
  2 worms
  4 dart slugs
  5 orcs (D:4)
  7 ball pythons
  7 bats
  6 endoplasms
  5 giant cockroaches
  5 goblins
  11 hobgoblins
  8 jackals
  4 quokkas
  5 frilled lizards
  3 kobolds
  3 rats
82 creatures vanquished.

Notes
Turn   | Place    | Note
-------+----------+-------------------------------------------
     0 | D:1      | dohliylev the Troll Warper began the quest for the Orb.
     0 | D:1      | Reached XP level 1. HP: 19/19 MP: 1/1
    99 | D:1      | Reached XP level 2. HP: 28/28 MP: 2/2
   308 | D:1      | Found a faded altar of an unknown god.
   527 | D:1      | Reached XP level 3. HP: 35/35 MP: 4/4
  1048 | D:2      | Learned a level 2 spell: Blink
  1420 | D:2      | Noticed Jessica
  1439 | D:2      | Killed Jessica
  1440 | D:2      | Reached skill level 3 in Unarmed Combat
  1440 | D:2      | Reached XP level 4. HP: 39/42 MP: 5/5
  1563 | D:2      | Got Jessica's Handbook of Sinister Secrets
  2499 | D:4      | Reached skill level 4 in Unarmed Combat
  2499 | D:4      | Reached XP level 5. HP: 30/49 MP: 6/6
  3032 | D:5      | Entered Level 5 of the Dungeon
  3168 | D:5      | Noticed an ogre
  3215 | D:5      | Slain by a gnoll

Illustrated notes

Levels and vault maps discovered:
D:1:      zelgadis_glass_arrival_small, layout_rooms,
          shapermc_ecumenical_altar_notcrosses, serial_co_window_serial,
          co_window_cross_1, co_window_paths_a, co_window_corner_a,
          co_window_paths_a, co_window_of_opportunity_a, co_window_paths_b,
          co_window_cross_1, co_window_of_opportunity_b, co_window_broadway_b,
          co_window_of_opportunity_b, co_window_of_opportunity_c,
          co_window_of_opportunity_b, co_window_broadway_c, glass_columns_a,
          glass_columns_a, glass_columns_b, amethyst_killhole,
          chequers_decorated_corner
D:2:      layout_loops_corners, kennysheep_jessica_study
D:3:      layout_loops_ring
D:4:      layout_loops_ring
D:5:      layout_basic, tso_oasis_becter, minmay_misc_feat_enclosed

Skill      XL: |  1  2  3  4  5 |
---------------+----------------+-----
Dodging        | 2 3 |  3.5
Unarmed Combat | 3 4 |  4.0
Fighting       | 2 |  2.3
Throwing       | |  0.8
Spellcasting   | |  1.4
Translocations | |  2.6

Action                   |  1- 3 |  4- 6 || total
-------------------------+-------+-------++-------
Melee: Unarmed           |    95 |   119 ||   214
       Punch             |       |     1 ||     1
 Cast: Blink             |       |     1 ||     1
  Use: Scroll            |       |     1 ||     1
Armor: Robe              |    52 |    17 ||    69
Dodge: Dodged            |    43 |    57 ||   100

Table legend: (Time is in decaauts)
 A = Elapsed time spent in this place.
 B = Non-inter-level travel time spent in this place.
 C = Inter-level travel time spent in this place.
 D = Time resting spent in this place.
 E = Time spent auto-exploring this place.
 F = Levels seen in this place.
 G = Mean time per level.
                   A        B        C        D        E       F      G
               +--------+--------+--------+--------+--------+-----+--------+
         Total |   3202 |   3137 |     65 |    142 |   2295 |   5 |  640.4 |
       Dungeon |   3202 |   3137 |     65 |    142 |   2295 |   5 |  640.4 |
               +--------+--------+--------+--------+--------+-----+--------+

Top non-repeatable levels by time:
     D:2: 921 daAuts
     D:1: 791 daAuts
     D:4: 664 daAuts
     D:3: 642 daAuts
     D:5: 182 daAuts
